 Dungeon Crawl Stone Soup version 0.31-a0-986-g5e6e4ef867 (console) character file.

Game seed: 13072870252575156534

21275 jejorda2 the Cleaver (level 12, -7/97 HPs)
             Began as a Gnoll Berserker on Nov 18, 2023.
             Was an Elder of Trog.
             Mangled by a cane toad (13 damage)
             ... on level 2 of the Lair of Beasts.
             The game lasted 00:36:29 (12518 turns).

jejorda2 the Cleaver (Gnoll Berserker)             Turns: 12518, Time: 00:36:30

Health: -7/97      AC: 25    Str: 22    XL:     12   Next: 88%
Magic:  23/23      EV:  9    Int: 13    God:    Trog [****..]
Gold:   762        SH:  0    Dex: 11    Spells: 26/26 levels left

rFire   + + .        a - +3 battleaxe (flame)
rCold   + . .        (shield currently unavailable)
rNeg    + . .        J - +2 plate armour {rF+}
rPois   +            t - +0 helmet
rElec   .            T - +2 cloak {rF+}
rCorr   .            C - +2 pair of gloves
SInv    .            o - +0 pair of boots
Will    .....        L - amulet of faith Stlth
                     b - ring "Hazuskyq" {rPois rC+ Int+6 Slay+2}
HPRegen 0.36/turn    w - ring of positive energy
MPRegen 0.18/turn

%: faith
@: no status effects
A: fangs 1, strong nose, distributed training
a: Renounce Religion, Berserk, Trog's Hand, Brothers in Arms


You were on level 2 of the Lair of Beasts.
You worshipped Trog.
Trog was greatly pleased with you.
You visited 2 branches of the dungeon, and saw 12 of its levels.
You also visited: Bailey and Volcano.

You collected 827 gold pieces.
You spent 65 gold pieces at shops.

Inventory:

Hand Weapons
 a - a +3 battleaxe of flaming (weapon)
 F - a +4 battleaxe
 N - the +5 quarterstaff of the Maze {freeze, Int+6 SInv}
   (You found it on level 9 of the Dungeon)

   Int+6:     It affects your intelligence (+6).
   SInv:      It lets you see invisible.
Missiles
 p - 14 poisoned darts
 A - 13 boomerangs (quivered)
Armour
 o - a +0 pair of boots (worn)
 t - a +0 helmet (worn)
 C - a +2 pair of gloves (worn)
 J - a +2 plate armour of fire resistance (worn)
 T - a +2 cloak of fire resistance (worn)
Jewellery
 b - the ring "Hazuskyq" (left hand) {rPois rC+ Int+6 Slay+2}
   (You acquired it on level 9 of the Dungeon)

   [ring of intelligence]

   Int+6:     It affects your intelligence (+6).
   Slay+2:    It affects your accuracy & damage with ranged weapons and melee
   (+2).
   rC+:       It protects you from cold.
   rPois:     It protects you from poison
 l - the ring of Lies {Drain rElec Will+ Int+8 SInv}
   (You found it in a bailey)

   [ring of willpower]

   Int+8:     It affects your intelligence (+8).
   rElec:     It insulates you from electricity.
   Will+:     It increases your willpower.
   SInv:      It lets you see invisible.
   Drain:     It drains your maximum health when unequipped.
 m - a ring of resist corrosion
 w - a ring of positive energy (right hand)
 G - a ring of ice
 L - an amulet of faith (around neck)
Wands
 r - a wand of light (5)
 x - a wand of charming (9)
 y - a wand of iceblast (22)
 I - a wand of flame (25)
Scrolls
 c - 3 scrolls of teleportation
 n - 3 scrolls of blinking
 z - a scroll of fear
 D - a scroll of enchant weapon
Potions
 f - a potion of cancellation {unknown}
 g - 5 potions of enlightenment
 h - 5 potions of curing
 i - a potion of berserk rage {unknown}
 k - a potion of experience {unknown}
 s - 6 potions of haste
 u - a potion of brilliance {unknown}
 v - 2 potions of attraction
 H - 5 potions of mutation
 K - 2 potions of might {unknown}
 Q - a potion of heal wounds
Miscellaneous
 O - a lightning rod (4/4)


   Skills:
 + Level 10.3 Fighting
 + Level 7.8 Short Blades
 + Level 7.8 Long Blades
 + Level 10.3 Axes
 + Level 7.8 Maces & Flails
 + Level 7.8 Polearms
 + Level 7.8 Staves
 + Level 7.8 Ranged Weapons
 + Level 7.8 Throwing
 + Level 9.2 Armour
 + Level 9.2 Dodging
 + Level 7.8 Stealth
 + Level 7.8 Shields
 + Level 7.8 Unarmed Combat
 + Level 7.8 Spellcasting
 + Level 6.5 Conjurations
 + Level 6.5 Hexes
 + Level 6.5 Summonings
 + Level 6.5 Necromancy
 + Level 6.5 Translocations
 + Level 6.5 Transmutations
 + Level 6.5 Fire Magic
 + Level 6.5 Ice Magic
 + Level 6.5 Air Magic
 + Level 6.5 Earth Magic
 + Level 6.5 Poison Magic
 + Level 8.6 Invocations
 + Level 7.8 Evocations
 + Level 7.1 Shapeshifting


You had 26 spell levels left.
You didn't know any spells.
Your spell library was empty.

Dungeon Overview and Level Annotations

Branches:
Dungeon (10/15)            Temple (0/1) D:7            Lair (2/5) D:9
  Swamp (0/4) Lair:2          Orc (0/2) D:10         Bailey (visited)
Volcano (visited)
  Snake: Lair:2-3    Spider: Lair:2-3

Altars:
Cheibriados
Makhleb
Nemelex Xobeh
Ru
Sif Muna
Xom
The Shining One

Shops:
D:1 *

Annotations:
D:6 2 runed translucent doors


Innate Abilities, Weirdness & Mutations

You have very sharp teeth.
Your uncanny sense of smell can sniff out nearby items.
Your experience applies equally to all skills.


Message History

You slash the water moccasin! You burn the water moccasin.
You kill the water moccasin!
Trog accepts your kill.
You closely miss the cane toad.
The bullfrog hits you but does no damage.
The bullfrog hits you. The cane toad stings you.
You see here a water moccasin corpse.
You barely miss the cane toad. You hit the bullfrog. You burn the bullfrog.
The bullfrog hits you.
The cane toad stings you but does no damage.
The bullfrog hits you but does no damage.
You hit the cane toad. You burn the cane toad.
You bite the cane toad, but do no damage.
The cane toad is lightly wounded.
You slice the bullfrog!! You burn the bullfrog.
You kill the bullfrog!
Trog accepts your kill. The cane toad barely misses you.
The cane toad stings you but does no damage.
You barely miss the cane toad.
The cane toad is lightly wounded.
The cane toad stings you.
You hit the cane toad. You burn the cane toad. Your bite misses the cane toad.
The cane toad is moderately wounded.
The cane toad closely misses you. The cane toad stings you!
* * * LOW HITPOINT WARNING * * *
You completely miss the cane toad.
The cane toad is moderately wounded.
The cane toad stings you.
* * * LOW HITPOINT WARNING * * *
You barely miss the cane toad.
The cane toad is moderately wounded.
The cane toad stings you!
* * * LOW HITPOINT WARNING * * *
You barely miss the cane toad. Your bite misses the cane toad.
The cane toad is moderately wounded.
The cane toad stings you.
* * * LOW HITPOINT WARNING * * *
The cane toad stings you!
You die...

##. .........## #...
.#....#..# #...# ###
F##........F..S .....#
#.##.......P.P.....
......#####.....P...#...#..#.
.......#P#...##P...##P.###..~
............###..P.###.# ...
...........†#...#... #.. ..
............@F.....#∆ .#
......#.######...###
#....#### ...# ###.# ..... ##
#.###. ## #


You could see a cane toad.

Vanquished Creatures
  Gastronok (D:9)
  Josephine (D:10)
  5 two-headed ogres
  A hell hog (Volcano)
  3 cane toads (Lair:1)
  Maurice (D:9)
  A gargoyle (Bailey)
  An unseen horror (D:6)
  A komodo dragon (Lair:2)
  An efreet (D:10)
  3 trolls
  9 blink frogs (Lair:1)
  A hornet (D:9)
  Prince Ribbit (D:7)
  A shadow (D:6)
  20 yaks
  3 wraiths (D:10)
  A vampire (Bailey)
  3 wyverns
  A fire bat (Volcano)
  2 steam dragons
  A basilisk (Lair:2)
  Menkaure (D:6)
  9 water moccasins
  2 acid dragons (D:10)
  A hell hound (Volcano)
  Duvessa (D:4)
  5 orc warriors
  2 black bears (D:6)
  2 ogres
  4 centaurs (Volcano)
  2 phantoms
  A kobold brigand (D:10)
  7 bullfrogs
  2 scorpions
  9 wights
  Dowan (D:4)
  8 vampire bats (Bailey)
  11 killer bees
  A howler monkey (D:9)
  5 wolf zombies (Bailey)
  7 hounds
  2 jellies
  Crazy Yiuf (D:6)
  4 orc priests
  A gnoll bouda (D:8)
  4 sleepcaps
  6 iguanas
  3 orc wizards
  8 gnolls
  5 adders
  5 white imps
  3 worms
  4 dart slugs
  38 orcs
  6 ball pythons
  8 endoplasms
  2 giant cockroaches (D:4)
  6 goblins
  3 hobgoblins
  6 jackals
  13 kobolds
  4 quokkas
  7 bats
  2 frilled lizards
  26 orc zombies (Bailey)
  5 rats
315 creatures vanquished.

Vanquished Creatures (collateral kills)
  3 yaks (Lair:1)
  A water moccasin (Lair:1)
4 creatures vanquished.

Vanquished Creatures (others)
  An orc (D:5)
1 creature vanquished.

Grand Total: 320 creatures vanquished

Notes
Turn   | Place    | Note
-------+----------+-------------------------------------------
     0 | D:1      | jejorda2 the Gnoll Berserker began the quest for the Orb.
     0 | D:1      | Reached XP level 1. HP: 23/23 MP: 1/1
    13 | D:1      | Found Lipos's General Store.
   197 | D:1      | Reached XP level 2. HP: 29/29 MP: 2/2
   619 | D:1      | Reached XP level 3. HP: 32/35 MP: 3/3
   697 | D:1      | Found a faded altar of an unknown god.
   759 | D:1      | Bought a scroll of teleportation for 39 gold pieces
  1002 | D:2      | Reached skill level 1 in Invocations
  1293 | D:2      | Reached skill level 1 in Short Blades
  1293 | D:2      | Reached skill level 1 in Long Blades
  1293 | D:2      | Reached skill level 1 in Maces & Flails
  1293 | D:2      | Reached skill level 1 in Polearms
  1293 | D:2      | Reached skill level 1 in Staves
  1293 | D:2      | Reached skill level 1 in Ranged Weapons
  1293 | D:2      | Reached skill level 1 in Throwing
  1293 | D:2      | Reached skill level 1 in Stealth
  1293 | D:2      | Reached skill level 1 in Shields
  1293 | D:2      | Reached skill level 1 in Unarmed Combat
  1293 | D:2      | Reached skill level 1 in Spellcasting
  1293 | D:2      | Reached skill level 1 in Evocations
  1381 | D:1      | Bought a scroll of identify for 26 gold pieces
  1459 | D:3      | Reached ** piety under Trog
  1460 | D:3      | Reached XP level 4. HP: 36/41 MP: 5/5
  1466 | D:3      | Reached skill level 1 in Shapeshifting
  1750 | D:3      | Identified the +3 whip "Udezool" {flame, Dex+2}
  1759 | D:3      | Reached skill level 1 in Conjurations
  1759 | D:3      | Reached skill level 1 in Hexes
  1759 | D:3      | Reached skill level 1 in Summonings
  1759 | D:3      | Reached skill level 1 in Necromancy
  1759 | D:3      | Reached skill level 1 in Translocations
  1759 | D:3      | Reached skill level 1 in Transmutations
  1759 | D:3      | Reached skill level 1 in Fire Magic
  1759 | D:3      | Reached skill level 1 in Ice Magic
  1759 | D:3      | Reached skill level 1 in Air Magic
  1759 | D:3      | Reached skill level 1 in Earth Magic
  1759 | D:3      | Reached skill level 1 in Poison Magic
  2088 | D:4      | Reached XP level 5. HP: 32/47 MP: 5/7
  2226 | D:4      | Noticed Duvessa
  2226 | D:4      | Noticed Dowan
  2245 | D:4      | Killed Duvessa
  2249 | D:4      | Reached XP level 6. HP: 53/53 MP: 8/8
  2253 | D:4      | Killed Dowan
  2254 | D:4      | Reached skill level 5 in Armour
  2254 | D:4      | Reached skill level 5 in Dodging
  2686 | D:5      | Entered Level 5 of the Dungeon
  3039 | D:5      | Reached XP level 7. HP: 59/59 MP: 10/10
  3362 | D:5      | Found a sacrificial altar of Ru.
  3540 | D:6      | Found a large runed translucent door.
  3540 | D:6      | Found a large runed translucent door.
  3541 | D:6      | Noticed Menkaure
  3545 | D:6      | Killed Menkaure
  3596 | D:6      | Noticed a troll
  3597 | D:6      | Noticed a shadow
  3611 | D:6      | Reached XP level 8. HP: 67/67 MP: 12/12
  3664 | D:6      | Found a large runed translucent door.
  3664 | D:6      | Found a large runed translucent door.
  3905 | D:6      | Noticed a troll
  3917 | D:6      | Killed a troll
  4107 | D:6      | Killed an unseen horror
  4108 | D:6      | Reached XP level 9. HP: 35/73 MP: 14/14
  4595 | D:6      | Identified the staff "Qosh" {rF+ rN+ Earth}
  4928 | D:6      | Found a burning altar of Makhleb.
  5036 | D:6      | Found a runed translucent door.
  5037 | D:6      | Noticed Crazy Yiuf
  5044 | D:6      | Killed Crazy Yiuf
  5332 | D:6      | Killed a troll
  5513 | D:7      | Reached skill level 5 in Invocations
  5621 | D:7      | Found a flagged portal.
  5630 | Bailey   | Entered a bailey
  5845 | Bailey   | Reached *** piety under Trog
  5896 | Bailey   | Noticed a gargoyle
  5909 | Bailey   | Killed a gargoyle
  5910 | Bailey   | Reached XP level 10. HP: 56/80 MP: 17/17
  6055 | Bailey   | Reached skill level 5 in Short Blades
  6055 | Bailey   | Reached skill level 5 in Long Blades
  6055 | Bailey   | Reached skill level 5 in Maces & Flails
  6055 | Bailey   | Reached skill level 5 in Polearms
  6055 | Bailey   | Reached skill level 5 in Staves
  6055 | Bailey   | Reached skill level 5 in Ranged Weapons
  6055 | Bailey   | Reached skill level 5 in Throwing
  6055 | Bailey   | Reached skill level 5 in Stealth
  6055 | Bailey   | Reached skill level 5 in Shields
  6055 | Bailey   | Reached skill level 5 in Unarmed Combat
  6055 | Bailey   | Reached skill level 5 in Spellcasting
  6055 | Bailey   | Reached skill level 5 in Evocations
  6110 | Bailey   | Identified the +2 leather armour of Zacemyd {Str+2}
  6117 | Bailey   | Identified the ring of Lies {Drain rElec Will+ Int+8 SInv}
  6534 | D:7      | Found a staircase to the Ecumenical Temple.
  6736 | D:7      | Noticed Prince Ribbit
  6749 | D:7      | Killed Prince Ribbit
  6999 | D:7      | Found a sparkling altar of Nemelex Xobeh.
  7000 | D:7      | Found a snail-covered altar of Cheibriados.
  7001 | D:7      | Found a shimmering altar of Xom.
  7503 | D:8      | Reached **** piety under Trog
  7504 | D:8      | Reached skill level 5 in Shapeshifting
  7840 | D:8      | Found a glowing golden altar of the Shining One.
  7840 | D:8      | Found a shimmering blue altar of Sif Muna.
  8761 | D:9      | Noticed Gastronok
  8773 | D:9      | Killed Gastronok
  8840 | D:9      | Reached XP level 11. HP: 87/87 MP: 19/19
  8914 | D:9      | Reached skill level 5 in Conjurations
  8914 | D:9      | Reached skill level 5 in Hexes
  8914 | D:9      | Reached skill level 5 in Summonings
  8914 | D:9      | Reached skill level 5 in Necromancy
  8914 | D:9      | Reached skill level 5 in Translocations
  8914 | D:9      | Reached skill level 5 in Transmutations
  8914 | D:9      | Reached skill level 5 in Fire Magic
  8914 | D:9      | Reached skill level 5 in Ice Magic
  8914 | D:9      | Reached skill level 5 in Air Magic
  8914 | D:9      | Reached skill level 5 in Earth Magic
  8914 | D:9      | Reached skill level 5 in Poison Magic
  9246 | D:9      | Noticed Maurice
  9255 | D:9      | Killed Maurice
  9432 | D:9      | Noticed a two-headed ogre
  9441 | D:9      | Killed a two-headed ogre
  9758 | D:9      | Identified the +5 quarterstaff of the Maze {freeze, Int+6
                  | SInv}
  9772 | D:9      | Noticed a two-headed ogre
  9778 | D:9      | Killed a two-headed ogre
  9837 | D:9      | Found a staircase to the Lair.
  9911 | D:10     | Entered Level 10 of the Dungeon
  9986 | D:10     | Noticed Josephine
 10004 | D:10     | Killed Josephine
 10041 | D:10     | Found a staircase to the Orcish Mines.
 10948 | Lair:1   | Entered Level 1 of the Lair of Beasts
 10961 | Lair:1   | Reached XP level 12. HP: 95/96 MP: 22/22
 11205 | Lair:1   | Reached skill level 10 in Fighting
 11205 | Lair:1   | Reached skill level 10 in Axes
 11332 | Lair:1   | Found a dark tunnel.
 11350 | Volcano  | Entered a volcano
 11364 | Volcano  | Noticed a two-headed ogre
 11364 | Volcano  | Noticed a two-headed ogre
 11370 | Volcano  | Killed a two-headed ogre
 11383 | Volcano  | Killed a two-headed ogre
 11441 | Volcano  | Noticed a two-headed ogre
 11441 | Volcano  | Noticed a hell hog
 11448 | Volcano  | Killed a two-headed ogre
 11449 | Volcano  | Killed a hell hog
 11935 | Lair:1   | You fall into a shaft and drop 1 floor!
 12300 | D:9      | Identified a scroll of acquirement
 12300 | D:9      | Acquired the ring "Hazuskyq" {rPois rC+ Int+6 Slay+2}
 12373 | Lair:2   | Found a staircase to the Swamp.
 12518 | Lair:2   | Mangled by a cane toad

Illustrated notes

Levels and vault maps discovered:
D:1:      doesnt_arrival_eight_statues, layout_basic,
          chequers_ecumenical_altar_grove, serial_shops, shop
D:2:      layout_basic
D:3:      layout_rooms, serial_glass, glass_columns_c, glass_columns_c
D:4:      layout_cave_pools, kennysheep_small_spiral, hex_large, uniq_duvessa
D:5:      layout_basic, general_overflow_altar, lemuel_flamethrower_1
D:6:      layout_basic, old_standard_altar, minmay_hollow_rounded_squares,
          uniq_menkaure, uniq_crazy_yiuf_cottage
D:7:      layout_loops_cross, minitemple, minmay_temple_entry_gardened_gates,
          enter_bailey_8, uniq_prince_ribbit1
D:8:      layout_basic, jmf_multi_god_temple
D:9:      layout_loops_ring, lair_entry_dummy, uniq_gastronok, uniq_maurice
D:10:     layout_rooms, orc_0_dummy, special_room [special_room_orc],
          uniq_josephine
Lair:1:   layout_chaotic_city, enter_volcano_2, lemuel_fruit_tree
Lair:2:   layout_loops_ring, swamp_mist_pool, guppyfry_lair_drakes,
          grunt_megastairs_4

Skill      XL: |  1  2  3  4  5  6  7  8  9 10 11 12 |
---------------+-------------------------------------+-----
Invocations    | 1 2 3 4 5 6 7 8 |  8.6
Short Blades   | 1 2 3 4 5 6 7 |  7.8
Long Blades    | 1 2 3 4 5 6 7 |  7.8
Maces & Flails | 1 2 3 4 5 6 7 |  7.8
Polearms       | 1 2 3 4 5 6 7 |  7.8
Staves         | 1 2 3 4 5 6 7 |  7.8
Ranged Weapons | 1 2 3 4 5 6 7 |  7.8
Throwing       | 1 2 3 4 5 6 7 |  7.8
Stealth        | 1 2 3 4 5 6 7 |  7.8
Shields        | 1 2 3 4 5 6 7 |  7.8
Unarmed Combat | 1 2 3 4 5 6 7 |  7.8
Spellcasting   | 1 2 3 4 5 6 7 |  7.8
Evocations     | 1 2 3 4 5 6 7 |  7.8
Shapeshifting  | 1 2 3 4 5 6 7 |  7.1
Conjurations   | 1 2 3 4 5 6 |  6.5
Hexes          | 1 2 3 4 5 6 |  6.5
Summonings     | 1 2 3 4 5 6 |  6.5
Necromancy     | 1 2 3 4 5 6 |  6.5
Translocations | 1 2 3 4 5 6 |  6.5
Transmutations | 1 2 3 4 5 6 |  6.5
Fire Magic     | 1 2 3 4 5 6 |  6.5
Ice Magic      | 1 2 3 4 5 6 |  6.5
Air Magic      | 1 2 3 4 5 6 |  6.5
Earth Magic    | 1 2 3 4 5 6 |  6.5
Poison Magic   | 1 2 3 4 5 6 |  6.5
Armour         | 5 6 7 8 9 |  9.2
Dodging        | 5 6 7 8 9 |  9.2
Fighting       | 7 8 9 10 | 10.3
Axes           | 7 8 9 10 | 10.3

Action                     |  1- 3 |  4- 6 |  7- 9 | 10-12 || total
---------------------------+-------+-------+-------+-------++-------
  Melee: Hand axe          |    90 |   162 |   296 |     8 ||   556
         Bite              |     4 |    11 |    42 |    67 ||   124
         Punch             |       |     4 |     4 |       ||     8
         Dire flail        |       |       |    59 |   151 ||   210
         Battleaxe         |       |       |       |   386 ||   386
  Throw: Dart              |       |       |     3 |       ||     3
 Invoke: Berserk           |     1 |     4 |    12 |    22 ||    39
         Trog's Hand       |       |     1 |     3 |    11 ||    15
         Brothers in Arms  |       |       |       |     1 ||     1
  Evoke: Wand              |       |       |     3 |     2 ||     5
    Use: Scroll            |     2 |     1 |     6 |    14 ||    23
         Potion            |       |       |     2 |     5 ||     7
   Stab: Sleeping          |     2 |       |       |       ||     2
         Distracted        |       |       |       |     1 ||     1
 Armour: Animal skin       |    26 |       |       |       ||    26
         Chain mail        |    18 |   109 |   274 |   255 ||   656
         Scale mail        |     4 |       |       |       ||     4
         Skin              |       |       |    51 |       ||    51
         Plate armour      |       |       |       |   308 ||   308
  Dodge: Dodged            |    35 |    59 |   167 |   359 ||   620

Table legend: (Time is in decaauts)
 A = Elapsed time spent in this place.
 B = Non-inter-level travel time spent in this place.
 C = Inter-level travel time spent in this place.
 D = Time resting spent in this place.
 E = Time spent auto-exploring this place.
 F = Levels seen in this place.
 G = Mean time per level.
                   A        B        C        D        E       F      G
               +--------+--------+--------+--------+--------+-----+--------+
         Total |  12881 |  12135 |    746 |   1677 |   7566 |  14 |  920.1 |
       Dungeon |  10460 |   9787 |    673 |   1221 |   6680 |  10 | 1046.0 |
          Lair |   1149 |   1077 |     72 |      2 |    524 |   2 |  574.5 |
        Bailey |    822 |    822 |      0 |    235 |    324 |   1 |  822.0 |
       Volcano |    448 |    448 |      0 |    218 |     37 |   1 |  448.0 |
               +--------+--------+--------+--------+--------+-----+--------+

Top non-repeatable levels by time:
     D:6: 1989 daAuts
     D:8: 1564 daAuts
     D:9: 1311 daAuts
    D:10: 1059 daAuts
     D:7: 970 daAuts
  Lair:1: 969 daAuts
     D:5: 851 daAuts
     D:1: 851 daAuts
  Bailey: 822 daAuts
     D:4: 680 daAuts
     D:2: 606 daAuts
     D:3: 576 daAuts
 Volcano: 448 daAuts
  Lair:2: 180 daAuts
